 Dungeon Crawl Stone Soup version 0.23-a0-29-g1be82e5 (webtiles) character file.

730 torrenera the Grappler (level 7, -9/59 HPs)
             Began as a Troll Earth Elementalist on Aug 3, 2018.
             Was a Believer of Makhleb.
             Mangled by an orc
             ... wielding a +3 dagger of electrocution
              (20 damage)
             ... on level 5 of the Dungeon.
             The game lasted 00:08:51 (3979 turns).

torrenera the Grappler (Troll Earth Elementalist)   Turns: 3979, Time: 00:08:52

Health: -9/59      AC:  5    Str: 17      XL:     7   Next: 44%
Magic:  7/7        EV:  6    Int: 13      God:    Makhleb [**....]
Gold:   400        SH:  6    Dex:  5 (10) Spells: 7/8 levels left

rFire    . . .     SeeInvis .     - Unarmed
rCold    . . .     Gourm    +   g - +0 shield
rNeg     . . .     Faith    .   c - +0 robe
rPois    .         Spirit   .   (helmet restricted)
rElec    .         Reflect  .   (no cloak)
rCorr    .         Harm     .   (gloves unavailable)
MR       .....                  (boots unavailable)
Stlth    +.........             (no amulet)
HPRegen  0.59/turn              (no ring)
MPRegen  0.10/turn              (no ring)

@: no status effects
A: large, unfitting armour, claws 3, fast metabolism 3, gourmand, regeneration
1, shaggy fur 1, tough skin 2
a: Minor Destruction, Renounce Religion


You were on level 5 of the Dungeon.
You worshipped Makhleb.
Makhleb was pleased with you.
You were completely stuffed.

You visited 1 branch of the dungeon, and saw 5 of its levels.
You also visited: Ossuary.

You collected 449 gold pieces.
You spent 49 gold pieces at shops.

Inventory:

Hand Weapons
 o - a +0 blowgun
Missiles
 b - 235 stones (quivered)
 h - 16 poisoned needles
 p - 2 curare-tipped needles
Armour
 c - a +0 robe (worn)
 g - a +0 shield (worn)
Wands
 l - a wand of digging (10)
 q - a wand of random effects (38)
Scrolls
 a - 5 scrolls of identify {unknown}
 j - 2 scrolls of magic mapping {unknown}
 k - 2 scrolls of teleportation {unknown}
 n - a scroll of immolation {unknown}
 r - a scroll of enchant weapon {unknown}
Potions
 e - 2 potions of flight {unknown}
 f - 2 potions of heal wounds {unknown}
 i - 2 potions of curing {unknown}
 m - 2 potions of lignification {unknown}
Comestibles
 d - 12 rations


   Skills:
 - Level 1.5 Dodging
 - Level 1.0 Stealth
 + Level 8.2 Unarmed Combat
 - Level 1.2 Spellcasting
   Level 0.6 Transmutations
 - Level 2.6 Earth Magic


You had 7 spell levels left.
You knew the following spells:

 Your Spells              Type           Power        Failure   Level  Hunger
a - Sandblast             Erth           #.....       54%         1    ##.....

Your spell library contained the following spells:

 Spells                   Type           Power        Failure   Level  Hunger
 Cause Fear               Hex            #.........   100%        4    #####..
 Slow                     Hex            #.......     96%         2    ###....
 Stone Arrow              Conj/Erth      #.....       98%         3    ####...
 Passwall                 Tmut/Erth      #.......     83%         2    ###....
 Corona                   Hex            #......      89%         1    ##.....
 Lee's Rapid Deconstruct  Erth           #.........   100%        5    ######.
 Portal Projectile        Hex/Tloc       #.....       99%         3    ####...
 Petrify                  Tmut/Erth      #.......     100%        4    #####..
 Leda's Liquefaction      Hex/Erth       #.........   100%        4    #####..
 Inner Flame              Hex/Fire       #.......     99%         3    ####...


Dungeon Overview and Level Annotations

Branches:
Dungeon (5/15)             Temple (0/1) D:4

Altars:
Ashenzari
Dithmenos
Gozag
Kikubaaqudgha
Makhleb
Okawaru
Ru
Sif Muna
Trog
Vehumet
Wu Jian

Shops:
D:4 [


Innate Abilities, Weirdness & Mutations

You are too large for most types of armour.
You have claws for hands.
Your metabolism is lightning-fast.
You like to eat raw meat.
Your natural rate of healing is unusually fast.
You are covered in fur. (AC +1)
You have very tough skin. (AC +2)


Message History

You claw the orc wizard!
You kill the orc wizard!
Makhleb accepts your kill.
You feel your dexterity returning.
The orc hits you with a dagger of electrocution.
The orc hits you but does no damage. The orc barely misses you.
Things that are here:
a dagger; a robe; an orc corpse You mangle the orc!!
You kill the orc!
Makhleb accepts your kill.
You feel better.
The orc hits you with a dagger of electrocution.
You are electrocuted!
* * * LOW HITPOINT WARNING * * *
The orc hits you with a dagger of electrocution.
* * * LOW HITPOINT WARNING * * *
You are electrocuted!
You die...

############ ...........
####......... ..............
##.# #......... .. ##..#
#.[....... ... #######..###
#.........
...####.....@....###.........
...........o.................
.................###.........
#.#..............###.........
#...#.>..............###.####
.................##### #.#
#................# #.#
..#...)).........# #.#
###..............# ##.#


You could see an orc.

Vanquished Creatures
  A centaur (D:5)
  A bullfrog (D:3)
  A scorpion (D:5)
  A hound (D:4)
  A quasit (D:5)
  2 orc wizards
  Ijyb (D:3)
  Natasha (twice) (D:4)
  Terence (D:2)
  A worker ant (D:4)
  2 big kobold zombies (Ossuary)
  A hound zombie (D:5)
  3 mummies
  6 adders
  A shadow imp (D:5)
  An ooze (D:3)
  2 dart slugs
  3 leopard geckos
  16 orcs
  3 ball pythons
  6 giant cockroaches
  3 gnoll zombies (Ossuary)
  12 goblins
  8 hobgoblins
  16 jackals
  11 kobolds
  3 quokkas
  8 bats
  6 frilled lizards
  A goblin zombie (Ossuary)
  2 hobgoblin zombies (Ossuary)
  A leopard gecko zombie (D:5)
  8 orc zombies
  6 rats
141 creatures vanquished.

Notes
Turn   | Place    | Note
-------+----------+-------------------------------------------
     0 | D:1      | torrenera the Troll Earth Elementalist began the quest for the Orb.
     0 | D:1      | Reached XP level 1. HP: 16/16 MP: 1/1
   254 | D:1      | Reached skill level 1 in Unarmed Combat
   300 | D:1      | Reached XP level 2. HP: 24/24 MP: 2/2
   306 | D:1      | Reached skill level 2 in Unarmed Combat
   489 | D:1      | Reached XP level 3. HP: 31/31 MP: 3/3
   751 | D:2      | Reached skill level 3 in Unarmed Combat
   761 | D:2      | Found an ornate altar of the Wu Jian Council.
   896 | D:2      | Found an opulent altar of Gozag.
   996 | D:2      | Reached XP level 4. HP: 39/39 MP: 4/4
  1194 | D:2      | Found a radiant altar of Vehumet.
  1195 | D:2      | Found a burning altar of Makhleb.
  1249 | D:2      | Became a worshipper of Makhleb the Destroyer
  1273 | D:2      | Reached skill level 4 in Unarmed Combat
  1359 | D:2      | Noticed Terence
  1369 | D:2      | Killed Terence
  1394 | D:2      | Found a bloodstained altar of Trog.
  1395 | D:2      | Found an iron altar of Okawaru.
  1645 | D:3      | Noticed a bullfrog
  1652 | D:3      | Killed a bullfrog
  1652 | D:3      | Reached skill level 5 in Unarmed Combat
  1652 | D:3      | Reached XP level 5. HP: 41/45 MP: 5/5
  1661 | D:3      | Reached * piety under Makhleb
  1708 | D:3      | Found an ancient bone altar of Kikubaaqudgha.
  1852 | D:3      | Noticed Ijyb
  1861 | D:3      | Killed Ijyb
  2183 | D:3      | Reached XP level 6. HP: 53/53 MP: 6/6
  2294 | D:3      | Reached skill level 6 in Unarmed Combat
  2819 | D:4      | Found a shattered altar of Ashenzari.
  2948 | D:4      | Found Iczakhiq's Armour Boutique.
  2958 | D:4      | Bought a +0 shield for 49 gold pieces
  3004 | D:4      | Noticed Natasha
  3016 | D:4      | Killed Natasha
  3063 | D:4      | Found a sacrificial altar of Ru.
  3303 | D:4      | Noticed Natasha
  3317 | D:4      | Killed Natasha
  3360 | D:4      | Found a staircase to the Ecumenical Temple.
  3368 | D:4      | Reached ** piety under Makhleb
  3414 | D:5      | Entered Level 5 of the Dungeon
  3472 | D:5      | Found a deep blue altar of Sif Muna.
  3500 | D:5      | Reached skill level 7 in Unarmed Combat
  3530 | D:5      | Found a shadowy altar of Dithmenos.
  3598 | D:5      | Found a sand-covered staircase.
  3605 | Ossuary  | Entered an ossuary
  3640 | Ossuary  | Reached XP level 7. HP: 53/59 MP: 7/7
  3789 | D:5      | Reached skill level 8 in Unarmed Combat
  3979 | D:5      | Mangled by an orc

Vault maps used:
D:1:      dpeg_arrival_rooms_a, hangedman_decor_slide_cut, minmay_pentomino_x2
D:2:      minitemple, nicolae_gozag_cash_rules_everything_around_me,
          lemuel_crystal_altar, gammafunk_temple_overflow_statue, first_ration,
          uniq_terence
D:3:      corexii_shack_village, old_standard_altar, uniq_ijyb
D:4:      cheibrodos_helix_gallery, lemuel_crystal_altar,
          nicolae_ru_great_annihilating_truth, minmay_temple_entry_glassed_door,
          serial_shops, shop, uniq_natasha
D:5:      lemuel_round_altar, kennysheep_mini, nicolae_ossuary_entry_giza,
          nicolae_dithmenos_through_a_glass_darkly
Ossuary:  minmay_ossuary_gauntlet

Skill      XL: |  1  2  3  4  5  6  7 |
---------------+----------------------+-----
Unarmed Combat | 1 2 3 5 7 8 |  8.2
Dodging        | |  1.5
Stealth        | |  1.0
Spellcasting   | |  1.2
Transmutations | |  0.6
Earth Magic    | |  2.6

Action                   |  1- 3 |  4- 6 |  7- 9 || total
-------------------------+-------+-------+-------++-------
Melee: Unarmed           |    89 |   260 |    65 ||   414
       Punch             |       |     4 |       ||     4
Throw: Stone             |       |     3 |       ||     3
 Stab: Sleeping          |       |     5 |       ||     5
       Paralysed         |       |     1 |       ||     1
  Eat: Chunk             |    15 |    21 |     6 ||    42
Armor: Robe              |    43 |    95 |    21 ||   159
Dodge: Dodged            |    54 |   133 |    30 ||   217
Block: Shield            |       |    24 |    17 ||    41

Table legend:
 A = Spawn XP
 B = Non-spawn XP
 C = Spawn XP percentage of total XP
 D = Spawn monster count
 E = Non-spawn monster count
 F = Spawn count percentage of total count
 G = Total turns spent on level
                    A         B        C        D         E        F      G
               +---------+---------+-------+---------+---------+-------+---------
         Total |       0 |    1044 |   0.0 |       0 |     141 |   0.0 |  3979
               +---------+---------+-------+---------+---------+-------+---------
           D:1 |       0 |      49 |   0.0 |       0 |      27 |   0.0 |   745
           D:2 |       0 |     124 |   0.0 |       0 |      32 |   0.0 |   782
           D:3 |       0 |     231 |   0.0 |       0 |      38 |   0.0 |   998
           D:4 |       0 |     218 |   0.0 |       0 |      14 |   0.0 |   940
           D:5 |       0 |     323 |   0.0 |       0 |      14 |   0.0 |   348
       Ossuary |       0 |      99 |   0.0 |       0 |      16 |   0.0 |   166
               +---------+---------+-------+---------+---------+-------+---------
